Map: Glittering Ashes LE

Players

Skaboodledoo - Winner!

  • Race: Zerg Zerg
  • League: Platinum

Pandemic

  • Race: Terran Terran
  • League: Platinum

VOD

Have the link to the VOD?

Description

Time

  • Played on: Oct. 21, 2021, 1:13 p.m.
  • Length: 14:57
Show
View Real Time Build Order
Export as new Build Order

Skaboodledoo Zerg - Winner!

Build Orders: Hatch First, Brood Lord Corruptor 

Get SALT Encoding   

  12  0:11  Overlord  
  12  0:12  Drone  
  13  0:17  Drone  
  14  0:30  Drone  
  15  0:38  Drone  
  16  0:50  Hatchery  
  16  0:54  Drone  
  16  0:57  Drone  
  17  1:06  Drone  
  18  1:11  Extractor  
  17  1:20  Spawning Pool  
  17  1:21  Drone  
  17  1:27  Drone  
  18  1:37  Drone  
  19  1:48  Drone  
  20  2:07  Queen x2  
  25  2:08  Zergling x4  
  25  2:10  Overlord  
  26  2:17  Drone  
  26  2:21  Drone  
  28  2:32  Hatchery  
  27  2:38  Drone  
  27  2:39  Drone  
  27  2:44  Metabolic Boost  
  29  2:48  Drone  
  29  2:51  Drone  
  31  2:53  Drone  
  32  3:02  Queen  
  33  3:15  Drone  
  33  3:19  Overlord  
  34  3:22  Overlord  
  34  3:23  Drone  
  35  3:50  Queen  
  35  3:51  Drone x8  
  35  3:55  Queen  
  47  4:11  Zergling x2  
  47  4:12  Zergling x6  
  51  4:28  Zergling x2  
  52  4:35  Drone  
  52  4:36  Drone x2  
  52  4:38  Overlord  
  55  4:50  Zergling x6  
  55  4:51  Zergling x2  
  57  4:59  Zergling x10  
  60  5:02  Extractor  
  60  5:03  Extractor  
  58  5:10  Drone  
  58  5:11  Drone x4  
  58  5:13  Extractor  
  62  5:20  Overlord x2  
  61  5:32  Queen x2  
  61  5:34  Overlord x4  
  65  5:37  Queen  
  67  5:56  Drone x2  
  67  5:57  Drone x7  
  76  6:05  Hatchery  
  76  6:09  Spore Crawler  
  71  6:14  Spore Crawler  
  71  6:15  Spore Crawler  
  68  6:25  Overlord  
  67  6:28  Drone x3  
  67  6:29  Drone x3  
  67  6:30  Overlord  
  67  6:31  Drone x2  
  75  6:36  Lair  
  75  6:40  Evolution Chamber x2, Spore Crawler  
  75  6:41  Overlord x2  
  72  6:55  Drone x8  
  72  6:56  Drone  
  81  7:12  Extractor  
  81  7:14  Extractor  
  79  7:17  Drone x2  
  79  7:18  Zergling x2  
  79  7:19  Zergling x8  
  86  7:23  Baneling Nest  
  86  7:27  Queen  
  86  7:29  Zerg Melee Weapons Level 1, Zerg Ground Armor Level 1  
  87  7:30  Zergling x6  
  87  7:31  Zergling x10  
  94  7:48  Zergling x2  
  94  7:49  Zergling x14  
  102  7:52  Zergling x6  
  105  8:03  Drone  
  105  8:04  Drone  
  107  8:07  Drone x5  
  107  8:08  Drone  
  107  8:10  Centrifical Hooks  
  107  8:12  Baneling  
  113  8:13  Baneling x10  
  113  8:24  Zergling x12  
  97  8:52  Zergling x2  
  97  8:53  Zergling x26  
  111  8:58  Spire  
  111  9:00  Overseer  
  111  9:02  Infestation Pit  
  109  9:06  Baneling  
  109  9:07  Baneling x4  
  109  9:08  Baneling x6, Overlord  
  109  9:09  Zergling x20, Queen  
  121  9:22  Overseer  
  121  9:23  Overseer  
  121  9:24  Hatchery  
  120  9:33  Zerg Melee Weapons Level 2, Zerg Ground Armor Level 2  
  120  9:38  Hive  
  120  9:39  Drone  
  120  9:40  Drone x12  
  133  10:06  Extractor x2, Spore Crawler  
  130  10:07  Spine Crawler  
  130  10:08  Drone x3  
  130  10:09  Drone x4  
  130  10:10  Drone x2  
  138  10:14  Corruptor  
  138  10:15  Corruptor x3  
  146  10:41  Drone x2  
  148  10:43  Corruptor  
  148  10:44  Corruptor x4  
  148  10:48  Baneling x9  
  148  10:49  Overlord  
  158  10:50  Overlord x4  
  158  10:58  Overlord x3  
  158  11:27  Corruptor x2  
  158  11:28  Corruptor  
  164  11:44  Greater Spire  
  164  11:49  Adrenal Glands  
  164  11:51  Zerg Melee Weapons Level 3  
  164  11:52  Zerg Ground Armor Level 3  
  164  11:53  Zergling x4  
  164  11:54  Zergling x34  
  183  12:17  Hatchery  
  182  12:28  Baneling x4  
  182  12:29  Baneling x9  
  182  12:30  Corruptor x2  
  182  12:31  Corruptor  
  185  13:03  Hatchery  
  151  13:08  Zergling x12  
  151  13:09  Zergling x4  
  149  13:27  Zergling x2  
  149  13:28  Zergling x24  
  149  13:31  Brood Lord x8  
  149  13:32  Brood Lord x4  
  186  13:34  Zergling x2  
  186  13:35  Zergling x16  
  186  13:36  Baneling  
  186  13:37  Baneling x16  
  195  13:55  Zergling x2  
  196  13:56  Zergling x8  
  200  14:09  Corruptor  
  194  14:10  Corruptor x3  
  187  14:20  Zergling x2  
  187  14:21  Zergling x18  
Show
View Real Time Build Order
Export as new Build Order

Pandemic Terran 

Build Orders: Reaper Expand, Hellion Banshee 

Get SALT Encoding   

  12  0:00  SCV  
  13  0:12  SCV  
  14  0:16  Supply Depot  
  14  0:24  SCV  
  15  0:38  SCV  
  15  0:40  Barracks  
  16  0:47  Refinery  
  16  0:50  SCV  
  17  1:02  SCV  
  18  1:14  SCV  
  19  1:26  Orbital Command  
  19  1:32  Reaper  
  20  1:44  Command Center  
  20  1:55  Supply Depot  
  20  1:56  SCV  
  21  2:08  SCV  
  22  2:10  Factory  
  22  2:17  Refinery  
  22  2:25  Bunker  
  22  2:26  Barracks Reactor  
  22  2:28  SCV  
  23  2:40  SCV  
  24  2:52  SCV  
  24  2:56  Hellion  
  27  3:05  Orbital Command, SCV  
  27  3:13  Starport  
  27  3:17  SCV  
  28  3:24  Hellion x2  
  32  3:29  SCV  
  32  3:30  Barracks Tech Lab  
  32  3:33  SCV  
  34  3:41  SCV  
  35  3:44  Supply Depot  
  35  3:45  SCV  
  35  3:47  Hellion x2  
  40  3:51  Starport Tech Lab  
  40  3:53  SCV  
  41  4:03  Barracks Tech Lab  
  41  4:08  Barracks, SCV  
  41  4:09  SCV  
  43  4:11  Supply Depot  
  43  4:19  Hellion x2  
  43  4:21  SCV x2  
  49  4:25  Banshee  
  49  4:27  Marine  
  49  4:28  Combat Shield  
  53  4:33  SCV x2  
  53  4:36  Supply Depot  
  55  4:41  Barracks, Hellion  
  55  4:45  Marine, SCV x2  
  60  4:52  Hellion  
  62  4:58  SCV x2  
  64  5:00  Supply Depot  
  64  5:03  Marine  
  64  5:04  Refinery  
  67  5:08  Barracks Reactor  
  67  5:10  SCV  
  68  5:15  Engineering Bay  
  68  5:17  SCV  
  68  5:20  Marine  
  68  5:21  Refinery  
  68  5:22  Supply Depot, SCV  
  69  5:34  SCV x2  
  72  5:36  Barracks Reactor  
  72  5:38  Marine  
  68  5:46  SCV x2  
  71  5:50  Siege Tank, Marine x2  
  71  5:56  Marine  
  74  5:58  SCV x2  
  76  6:08  Marine x2  
  76  6:10  SCV  
  79  6:14  Marine  
  80  6:20  SCV  
  80  6:22  Siege Tank, SCV  
  84  6:26  Medivac, Marine x2  
  84  6:30  Terran Infantry Weapons Level 1  
  86  6:36  Armory  
  86  7:04  Stimpack  
  86  7:10  Command Center  
  86  7:23  Supply Depot  
  86  7:33  Supply Depot  
  86  7:34  Supply Depot  
  86  7:36  Terran Vehicle And Ship Armor Level 1, Supply Depot  
  86  7:44  SCV, Marine x4, Siege Tank  
  86  7:46  Supply Depot  
  94  7:54  Medivac x2, SCV, Marine  
  94  7:57  SCV  
  101  8:02  Marine x4  
  105  8:06  Barracks, SCV  
  105  8:08  Barracks, Engineering Bay  
  105  8:09  SCV  
  105  8:11  Supply Depot  
  105  8:12  Marine  
  108  8:17  Siege Tank  
  108  8:18  SCV  
  112  8:20  Marine x4  
  112  8:21  SCV  
  112  8:24  Medivac x2  
  121  8:30  Marine  
  121  8:31  SCV  
  121  8:33  SCV  
  124  8:38  Marine x4  
  104  8:43  SCV  
  104  8:45  SCV  
  104  8:47  Marine  
  98  8:54  Planetary Fortress  
  98  8:55  Marine x4, SCV  
  99  8:57  SCV  
  99  8:59  Siege Tank  
  99  9:01  Barracks Reactor  
  108  9:05  Marine  
  108  9:07  SCV  
  108  9:08  Terran Infantry Weapons Level 2  
  108  9:09  Terran Infantry Armor Level 1, SCV  
  111  9:13  Marine  
  111  9:15  Supply Depot  
  112  9:17  Barracks Reactor  
  112  9:19  Supply Depot  
  112  9:20  Marine x3  
  112  9:21  SCV x2  
  116  9:24  Refinery  
  116  9:26  Medivac  
  116  9:27  Refinery, Medivac  
  116  9:31  Siege Tank, Starport  
  123  9:33  Factory  
  123  9:34  Marine x2  
  123  9:35  SCV  
  123  9:36  SCV x2  
  123  9:38  Marine  
  129  9:47  SCV  
  129  9:48  SCV x2  
  132  9:59  SCV  
  133  10:00  SCV, Marine x2  
  133  10:01  Marine x7, SCV  
  133  10:02  Command Center  
  133  10:06  Medivac x2  
  148  10:09  Terran Vehicle And Ship Armor Level 2  
  148  10:11  SCV  
  148  10:13  SCV x2  
  151  10:16  Starport Tech Lab  
  151  10:17  Factory Tech Lab  
  151  10:18  Marine x3  
  151  10:19  Marine x6  
  151  10:20  Siege Tank  
  163  10:24  SCV  
  163  10:25  SCV  
  165  11:13  Marine x8  
  165  11:14  SCV x3  
  180  11:19  Raven, Marine  
  180  11:20  Supply Depot  
  170  11:26  SCV x3  
  170  11:31  Supply Depot, Marine x7  
  170  11:32  Viking  
  180  11:33  Viking  
  180  11:35  Marine  
  180  11:37  Marine  
  180  11:38  SCV x3  
  179  11:41  Thor  
  185  11:49  Marine x2  
  185  11:50  SCV  
  185  11:52  Thor, SCV, Marine  
  196  11:59  Supply Depot  
  196  12:01  Supply Depot, Planetary Fortress  
  196  12:03  Supply Depot  
  196  12:04  Supply Depot  
  196  12:19  Marine x4  
  196  12:20  Supply Depot  
  196  12:22  Refinery, Supply Depot  
  200  12:23  Supply Depot  
  200  12:24  Terran Infantry Armor Level 2  
  200  12:25  Command Center  
  200  12:26  Refinery  
  200  12:44  Missile Turret x2  
  200  12:46  Supply Depot  
  200  13:00  Marine  
  200  13:01  Viking x2, Marine x3  
  200  13:02  Raven, Marine  
  155  13:08  Marine  
  155  13:09  Marine x3  
  155  13:10  Thor x2  
  148  13:18  Marine  
  148  13:19  Marine x4  
  142  13:26  Marine x4  
  144  13:31  Missile Turret  
  145  13:35  Missile Turret, Marine  
  145  13:37  Marine x4  
  145  13:39  Missile Turret  
  150  13:43  Factory  
  150  13:44  Barracks, Marine x4  
  150  13:45  Factory, Viking x2  
  158  13:53  Thor x2, Marine  
  158  13:55  Marine x4  
  175  14:02  Marine x4  
  162  14:11  Marine  
  162  14:12  Marine x2  
  154  14:17  Marine x2  
  154  14:20  Marine x4  
  131  14:29  Marine  
  131  14:30  Marine x2  
  108  14:35  Marine x2  
  108  14:37  Marine  
  108  14:38  Marine x3  
Tags
 
Add a new tag
Caveats
  • Supply blocks, unpowered buildings, or Contaminate may cause inaccurate times.
  • Supply counts are checked every 10 seconds.